 Dungeon Crawl Stone Soup version 0.23.2-40-g277498a (webtiles) character file.

Game seed: 17542303810969695230

14 CrazyJ the Vexing (level 2, 0/21 HPs)
             Began as a Formicid Arcane Marksman on Sept 10, 2019.
             Slain by an adder (4 damage)
             ... on level 1 of the Dungeon.
             The game lasted 00:05:46 (663 turns).

CrazyJ the Vexing (Formicid Arcane Marksman)         Turns: 663, Time: 00:05:47

Health: 0/21       AC:  2    Str: 14    XL:     2   Next: 60%
Magic:  0/3        EV: 12    Int: 12    God:
Gold:   45         SH:  0    Dex: 11    Spells: 0/3 levels left

rFire    . . .     SeeInvis +   j - +0 hunting sling
rCold    . . .     Gourm    .   (no shield)
rNeg     . . .     Faith    .   e - +0 robe
rPois    .         Spirit   .   (helmet unavailable)
rElec    .         Reflect  .   (no cloak)
rCorr    .         Harm     .   (no gloves)
MR       .....                  (no boots)
Stlth    +.........             (no amulet)
HPRegen  0.07/turn              (no ring)
MPRegen  0.08/turn              (no ring)

@: lethally poisoned (0 -> -9)
A: permanent stasis, dig shafts and tunnels, four strong arms, antennae 3
a: Dig, Shaft Self


You were on level 1 of the Dungeon.
You were not hungry.

You visited 1 branch of the dungeon, and saw 2 of its levels.

You collected 45 gold pieces.

Inventory:

Hand Weapons
 a - a +0 hunting sling
 h - a +0 club
 j - a +0 hunting sling (weapon)
Missiles
 d - 42 sling bullets
 i - 36 stones (quivered)
Armour
 e - a +0 robe (worn)
Scrolls
 g - a scroll of identify {unknown}
Potions
 c - a potion of flight {unknown}
Comestibles
 b - 3 chunks of flesh
 f - 5 rations


   Skills:
 * Level 1.4 Fighting
 * Level 2.5 Slings
 + Level 1.9 Dodging
 + Level 1.2 Spellcasting
 * Level 4.0 Hexes


You couldn't memorise any spells.
You knew the following spells:

 Your Spells              Type           Power        Failure   Level  Hunger
a - Corona                Hex            ##.....      6%          1    ##.....
b - Slow                  Hex            ##......     9%          2    ###....

Your spell library contained the following spells:

 Spells                   Type           Power        Failure   Level  Hunger
 Inner Flame              Hex/Fire       #.......     36%         3    ####...
 Portal Projectile        Hex/Tloc       #.....       36%         3    ####...
 Cause Fear               Hex            ##........   50%         4    #####..
 Leda's Liquefaction      Hex/Erth       #.........   78%         4    #####..


Dungeon Overview and Level Annotations

Branches:
Dungeon (2/15)

Altars:


Innate Abilities, Weirdness & Mutations

You cannot be hasted, slowed, berserked, paralysed or teleported.
You can dig through walls and to a lower floor.
Your four strong arms can wield two-handed weapons with a shield.
You have a pair of large antennae on your head. (SInv)


Message History

Aim: an adder (softly glowing)
You shoot a stone. The stone barely misses the adder.
The adder bites you. The quokka bites you.
Firing (i - inventory. (/) - cycle)
i - 38 stones (quivered)
Press: ? - help, Shift-Dir - straight line, f/p - adder
Aim: an adder (softly glowing)
You shoot a stone. The stone hits the adder.
The adder is moderately wounded.
The adder misses you. The quokka barely misses you.
Firing (i - inventory. (/) - cycle)
i - 37 stones (quivered)
Press: ? - help, Shift-Dir - straight line, f/p - adder
Aim: an adder (moderately wounded, softly glowing)
You shoot a stone. The stone hits the adder.
The adder is heavily wounded.
You feel sick. The adder bites you.
You are lethally poisoned!
The adder poisons you! The quokka bites you.
* * * LOW HITPOINT WARNING * * *
The adder bites you.
You die...

###### #....#
#....##### #######
#........######......
#...@r...'....'......
######
#..S.....######......
.....#
#........######......
.....#
#(...................
.....#
#.[...........####...
.....#####
####..........# #...
.........#
#.....###### #...
.........# #.....#
#### ###......#
#.#####


You could see an adder and a quokka.

Vanquished Creatures
  2 giant cockroaches (D:1)
  2 goblins (D:1)
  A hobgoblin (D:1)
  2 jackals (D:1)
  2 bats (D:1)
  2 kobolds (D:1)
  2 rats (D:1)
13 creatures vanquished.

Notes
Turn   | Place    | Note
-------+----------+-------------------------------------------
     0 | D:1      | CrazyJ the Formicid Arcane Marksman began the quest for the
                  | Orb.
     0 | D:1      | Reached XP level 1. HP: 15/15 MP: 2/2
   213 | D:1      | Reached XP level 2. HP: 20/21 MP: 3/3
   258 | D:1      | Learned a level 2 spell: Slow
   462 | D:1      | Reached skill level 4 in Hexes
   663 | D:1      | Slain by an adder

Skill      XL: |  1  2 |
---------------+-------+-----
Hexes          | 4 |  4.0
Fighting       | |  1.4
Slings         | |  2.5
Dodging        | |  1.9
Spellcasting   | |  1.2

Action                   || total
-------------------------++-------
 Fire: Hunting sling     ||    49
 Cast: Corona            ||     4
       Slow              ||     1
 Abil: Dig               ||     1
Armor: Robe              ||     8
Dodge: Dodged            ||    33
